 Dungeon Crawl Stone Soup version 0.20.1-1-g8b1a95d (webtiles) character file.

210 Peloso the Covered (level 5, -6/41 HPs)
             Began as a Demonspawn Fighter on July 30, 2017.
             Killed by divine providence
             ... invoked by an orc priest
              (12 damage)
             ... on level 4 of the Dungeon.
             The game lasted 00:07:00 (3501 turns).

Peloso the Covered (Demonspawn Fighter)             Turns: 3501, Time: 00:07:01

Health: -6/41      AC: 10    Str: 21    XL:     5   Next: 57%
Magic:  5/5        EV:  7    Int:  9    God:
Gold:   212        SH:  9    Dex: 14    Spells: 4/4 levels left

rFire    . . .     SeeInvis .   a - +0 long sword
rCold    . . .     Gourm    +   c - +0 shield
rNeg     . . .     Faith    .   b - +0 scale mail
rPois    .         Spirit   .   (no helmet)
rElec    .         Reflect  .   (no cloak)
rCorr    .         Harm     .   (no gloves)
MR       .....                  (no boots)
Stlth    ..........             v - amulet of the gourmand
Regen    0.2/turn               u - +3 ring of strength
MPRegen  0.1/turn               (no ring)

@: no status effects
A: icy blue scales 2, agile 1, spiny 1, evolution 1
a: no special abilities


You were on level 4 of the Dungeon.
You were very full.

You visited 1 branch of the dungeon, and saw 4 of its levels.

You collected 212 gold pieces.

Inventory:

Hand Weapons
 a - a +0 long sword (weapon)
Armour
 b - a +0 scale mail (worn)
 c - a +0 shield (worn)
Jewellery
 u - a +3 ring of strength (left hand)
 v - an amulet of the gourmand (around neck)
 A - a +4 ring of intelligence {unknown}
Wands
 s - a wand of enslavement (16/24)
Scrolls
 e - a scroll of blinking {unknown}
 g - a scroll of amnesia {unknown}
 h - a scroll of fog {unknown}
 j - 4 scrolls of recharging {unknown}
 k - 5 scrolls of teleportation {unknown}
 n - 2 scrolls of remove curse {unknown}
 o - 2 scrolls of enchant weapon {unknown}
 q - 4 scrolls of identify {unknown}
 C - a scroll of fear {unknown}
Potions
 d - 2 potions of might
 i - a potion of haste
 l - a potion of cancellation
 t - a potion of ambrosia {unknown}
 w - a potion of curing
 x - a potion of lignification {unknown}
 z - a potion of flight {unknown}
Books
 r - a book of Flames

   Spells                             Type                      Level
   a - Flame Tongue                   Conjuration/Fire             1
   b - Throw Flame                    Conjuration/Fire             2
   c - Conjure Flame                  Conjuration/Fire             3
   d - Inner Flame                    Hexes/Fire                   3
   e - Sticky Flame                   Conjuration/Fire             4
   f - Fireball                       Conjuration/Fire             5
 y - a book of the Dragon

   Spells                             Type                      Level
   a - Flame Tongue                   Conjuration/Fire             1
   b - Cause Fear                     Hexes                        4
   c - Bolt of Fire                   Conjuration/Fire             6
   d - Dragon Form                    Transmutation                7
   e - Dragon's Call                  Summoning                    9
Comestibles
 f - 2 bread rations
 m - 3 royal jellies
 p - 2 meat rations
 B - 2 fruits


   Skills:
 + Level 3.4 Fighting
 + Level 3.3 Long Blades
 + Level 3.9 Armour
 + Level 0.8 Dodging
 + Level 0.2 Stealth
 + Level 3.4 Shields


You had 4 spell levels left.
You didn't know any spells.

Dungeon Overview and Level Annotations

Branches:
Dungeon (4/15)
 Temple: D:4-7

Altars:
Cheibriados
Dithmenos
Hepliaklqana
Trog
Vehumet
The Shining One


Innate Abilities, Weirdness & Mutations

You are mostly covered in icy blue scales. (AC +3)
You are partially covered in sharp spines.
You are agile. (Dex +2)
You evolve.


Message History

You start resting.
HP restored.
You climb downwards.
There is a stone staircase leading up here.
The orc priest invokes the aid of Beogh against you.
Pain shoots through your body!
The orc priest mumbles some strange prayers to Beogh against you.
Beogh smites you!
The orc priest casts a cantrip, but nothing happens.
You hit the orc priest.
The orc priest is lightly wounded.
You block the orc priest's attack.
You closely miss the orc priest.
The orc priest is lightly wounded.
The orc priest calls down the wrath of Beogh upon you.
Pain shoots through your body!
* * * LOW HITPOINT WARNING * * *
The orc priest calls down the wrath of Beogh upon you.
Beogh smites you!
You die...

##.))###..... ..#
...#)# #..### #.#
####.# #..# #.#
#.###..# #.#
#..##..# #.#
#...#..# #.##
#####..#..#####.<#
#................#
#.####.#..######@#
####....
#.##......o...oo.#
#.......
#.##.#.#..########
#.......
#....#.#..#
#..o....
######.#..#
#.......
....##.#..###
#.o.....
###.##......# ####
# #...o... #
#.##..#.#.# #..
#.##..o....
###.##....#.# #.#
#...$(.[...


You could see 3 orc priests.

Vanquished Creatures
  A hound (D:4)
  An orc wizard (D:3)
  A worker ant (D:2)
  3 adders
  2 worms (D:3)
  3 dart slugs
  3 leopard geckos
  9 orcs
  2 ball pythons
  4 giant cockroaches
  12 goblins
  8 hobgoblins
  3 jackals (D:1)
  A quokka (D:3)
  9 bats
  6 frilled lizards
  4 kobolds
  A quokka skeleton (D:4)
  5 rats
78 creatures vanquished.

Notes
Turn   | Place    | Note
-------+----------+-------------------------------------------
     0 | D:1      | Peloso the Demonspawn Fighter began the quest for the Orb.
     0 | D:1      | Reached XP level 1. HP: 18/18 MP: 1/1
    81 | D:1      | Gained mutation: You are partially covered in icy blue scales. (AC +2) [demonic ancestry]
    81 | D:1      | Reached XP level 2. HP: 19/24 MP: 2/2
   322 | D:1      | Gained mutation: You are mostly covered in icy blue scales. (AC +3) [demonic ancestry]
   322 | D:1      | Reached XP level 3. HP: 29/29 MP: 3/3
   666 | D:2      | Found a shadowy altar of Dithmenos.
  1098 | D:2      | Found a faded altar of an unknown god.
  1210 | D:2      | Reached XP level 4. HP: 24/35 MP: 4/4
  1538 | D:2      | Found a glowing golden altar of the Shining One.
  2293 | D:3      | Gained mutation: You are partially covered in sharp spines. [demonic ancestry]
  2293 | D:3      | Reached XP level 5. HP: 4/41 MP: 5/5
  2304 | D:3      | Gained mutation: You evolve. [potion of mutation]
  2304 | D:3      | Gained mutation: You are agile. (Dex +2) [potion of mutation]
  2553 | D:3      | Found a snail-covered altar of Cheibriados.
  2572 | D:3      | Found a radiant altar of Vehumet.
  2639 | D:3      | Found a bloodstained altar of Trog.
  2687 | D:3      | Found a hazy altar of Hepliaklqana.
  3501 | D:4      | Killed from afar by an orc priest

Skill      XL: |  1  2  3  4 |
---------------+-------------+-----
Armour         | 3 |  3.9
Long Blades    | 2 3 |  3.3
Shields        | 3 |  3.4
Fighting       | |  3.4
Dodging        | |  0.8
Stealth        | |  0.2

Action                   |  1- 3 |  4- 6 || total
-------------------------+-------+-------++-------
Melee: Long sword        |   131 |   147 ||   278
  Use: Potion            |       |     5 ||     5
  Eat: Chunk             |       |    17 ||    17
Armor: Scale mail        |    59 |    57 ||   116
Dodge: Dodged            |    38 |    33 ||    71
Block: Shield            |    84 |    79 ||   163
       Rpst.: Long sword |    13 |    10 ||    23
